 Dungeon Crawl Stone Soup version 0.25-a0-403-g49d089a (webtiles) character file.

Game seed: 6797446829173620517, levelgen mode: deterministic

106863 2tousent the Black Belt (level 15, -39/130 HPs)
             Began as a Purple Draconian Transmuter on Jan 9, 2020.
             Was the Champion of Dithmenos.
             Blown up by an orb spider (43 damage)
             ... with an orb of destruction
             ... on level 1 of the Spider Nest.
             The game lasted 01:46:17 (32433 turns).

2tousent the Black Belt (DrTm)                     Turns: 32433, Time: 01:46:17

Health: -39/130    AC: 10    Str: 21    XL:     15   Next: 98%
Magic:  22/24      EV: 21    Int: 23    God:    Dithmenos [******]
Gold:   1273       SH:  3    Dex: 18    Spells: 12/26 levels left

rFire    + . .     SeeInvis .     - Unarmed
rCold    . . .     Gourm    .   (shield currently unavailable)
rNeg     + . .     Faith    .   (armour unavailable)
rPois    .         Spirit   .   F - +0 hat
rElec    +         Reflect  +   L - +0 cloak
rCorr    .         Harm     .   (gloves currently unavailable)
MR       +++..                  (no boots)
Stlth    ++++++++..             q - amulet "Juwkoufu" {Reflect rElec rF+ Str+4 SH+3}
HPRegen  0.31/turn              Z - ring "Rybug" {rN+ MR+ Str+4 Int+4 Dex+3}
MPRegen  0.19/turn              n - ring of Kaosirur {Int+3 Slay+5}

@: blade hands, wreathed by umbra
A: breathe power, unfitting armour, cold-blooded, AC +9
a: Breathe Dispelling Energy, End Transformation, Shadow Step, Shadow Form,
Renounce Religion


You were on level 1 of the Spider Nest.
You worshipped Dithmenos.
Dithmenos was exalted by your worship.
You were hungry.
You had blades for hands.
You visited 4 branches of the dungeon, and saw 23 of its levels.
You also visited: Sewer, Ossuary and Bailey.

You collected 1663 gold pieces.
You spent 390 gold pieces at shops.

Inventory:

Missiles
 a - 313 arrows (quivered)
 g - 9 throwing nets
Armour
 F - a +0 hat (worn)
 L - a +0 cloak (worn)
 N - the +1 pair of gloves of Joy (melded) {Str+7 Int+2}
   (You found it on level 6 of the Lair of Beasts)

   It affects your strength (+7).
   It affects your intelligence (+2).
Magical Staves
 R - an uncursed staff of wizardry
Jewellery
 j - an uncursed ring of fire
 l - an uncursed ring of stealth {unknown}
 n - the ring of Kaosirur (right scythe-like blade) {Int+3 Slay+5}
   (You bought it in a shop on level 14 of the Dungeon)

   [ring of slaying]

   It affects your intelligence (+3).
   It affects your accuracy and damage with ranged weapons and melee attacks
   (+5).
 q - the amulet "Juwkoufu" (around neck) {Reflect rElec rF+ Str+4 SH+3}
   (You bought it in a shop on level 14 of the Dungeon)

   [amulet of reflection]

   It shields you and reflects attacks.
   It affects your strength (+4).
   It protects you from fire.
   It insulates you from electricity.
   It affects your SH (+3).
 x - an uncursed ring of magical power {unknown}
 K - a cursed -3 ring of intelligence {unknown}
 O - an uncursed amulet of faith {unknown}
 T - an uncursed amulet of harm {unknown}
 V - an uncursed amulet of magic regeneration {unknown}
 W - an uncursed ring of flight {unknown}
 Z - the ring "Rybug" (left scythe-like blade) {rN+ MR+ Str+4 Int+4 Dex+3}
   (You bought it in a shop on level 14 of the Dungeon)

   [ring of intelligence]

   It affects your strength (+4).
   It affects your intelligence (+4).
   It affects your dexterity (+3).
   It protects you from negative energy.
   It affects your resistance to hostile enchantments.
Wands
 o - a wand of flame (17)
 y - a wand of enslavement (3)
 B - a wand of disintegration (9)
 C - a wand of random effects (49)
 D - a wand of digging (12)
 M - a wand of polymorph (11)
 P - a wand of paralysis (28)
Scrolls
 d - 6 scrolls of enchant weapon
 e - 3 scrolls of fear
 p - 6 scrolls of enchant armour
 r - 3 scrolls of identify
 w - 5 scrolls of remove curse
 E - 5 scrolls of teleportation
 H - 2 scrolls of magic mapping
 S - a scroll of fog
Potions
 b - 6 potions of curing
 f - 3 potions of might
 h - a potion of resistance
 k - 2 potions of magic
 s - 3 potions of haste
 t - 6 potions of brilliance
 u - 2 potions of lignification
 z - 2 potions of berserk rage
 Q - 4 potions of agility
 U - 3 potions of flight
 X - a potion of ambrosia
 Y - 2 potions of cancellation
Miscellaneous
 v - a box of beasts
 G - a lightning rod (4/4)
 I - a fan of gales
Comestibles
 c - 19 rations


   Skills:
 * Level 11.4 Fighting
 * Level 11.0 Dodging
 - Level 10.0 Stealth
 - Level 16.0 Unarmed Combat
 - Level 6.0 Spellcasting
 - Level 13.0 Transmutations
 * Level 8.3 Invocations


You had 12 spell levels left.
You knew the following spells:

 Your Spells              Type           Power        Failure   Level  Hunger
a - Blade Hands           Tmut           ######....   16%         5    #####..
b - Spider Form           Tmut/Pois      #####.....   21%         3    #......
c - Sticks to Snakes      Tmut           ######..     6%          2    None
d - Ice Form              Ice/Tmut       #####...     36%         4    ###....

Your spell library contained the following spells:

 Spells                   Type           Power        Failure   Level  Hunger
 Beastly Appendage        Tmut           ######       5%          1    None
 Ignite Poison            Fire/Tmut/Pois ####....     30%         3    #......
 Animate Skeleton         Necr           N/A          43%         1    None
 Apportation              Tloc           #.....       43%         1    None
 Corona                   Hex            #......      43%         1    None
 Infusion                 Chrm           #...         43%         1    None
 Magic Dart               Conj           #...         43%         1    None
 Shock                    Conj/Air       #...         43%         1    None
 Summon Small Mammal      Summ           #...         43%         1    None
 Blink                    Tloc           N/A          52%         2    None
 Call Imp                 Summ           #.......     52%         2    None
 Shroud of Golubria       Chrm/Tloc      #.....       52%         2    None
 Slow                     Hex            #.......     52%         2    None
 Song of Slaying          Chrm           #.......     52%         2    None
 Swiftness                Chrm/Air       #.......     52%         2    None
 Conjure Flame            Conj/Fire      #.......     69%         3    #......
 Mephitic Cloud           Conj/Pois/Air  #.......     69%         3    #......
 Ozocubu's Armour         Chrm/Ice       #.......     69%         3    #......
 Spectral Weapon          Hex/Chrm       #.......     69%         3    #......
 Static Discharge         Conj/Air       #.......     69%         3    #......
 Airstrike                Air            #.........   93%         4    ###....
 Fireball                 Conj/Fire      #.........   99%         5    #####..
 Lightning Bolt           Conj/Air       #.........   99%         5    #####..
 Starburst                Conj/Fire      #.........   100%        6    ######.
 Ring of Flames           Chrm/Fire      #.........   100%        7    #######
 Ignition                 Fire           #.........   100%        8    #######


Dungeon Overview and Level Annotations

Branches:
Dungeon (15/15)            Temple (0/1) D:7            Lair (6/6) D:10
 Shoals (1/4) Lair:4       Spider (1/4) Lair:4        Slime (0/5) Lair:5
    Orc (0/2) D:10         Vaults (0/5) D:13         Depths (0/5) D:15
  Sewer (visited)         Ossuary (visited)          Bailey (visited)

Altars:
Ashenzari
Dithmenos
Elyvilon
Fedhas
Kikubaaqudgha
Makhleb
Trog
The Shining One

Shops:
D:14 *(

Annotations:
D:10 2 runed translucent doors
Lair:3 exclusion: ice statue


Innate Abilities, Weirdness & Mutations

You can breathe bolts of dispelling energy.
Your rich purple scales are hard. (AC +9)
You cannot fit into any form of body armour.
You are cold-blooded and may be slowed by cold attacks.


Message History

The wolf spider poisons you!
You slice the wolf spider!!
You kill the wolf spider!
Dithmenos accepts your kill.
* * * LOW HITPOINT WARNING * * *
You feel very sick.
A jumping spider comes into view.
You feel better.
The orb spider begins to weave its threads into a brightly glowing ball.
A jumping spider comes into view.
A wolf spider comes into view.
The orb spider weaves a glowing orb of energy.
An orb of destruction comes into view.
The wolf spider hisses angrily.
You hear an angry hiss. x2
The orb spider weaves a glowing orb of energy.
An orb of destruction comes into view.
The orb of destruction hits you!!!
* * * LOW HITPOINT WARNING * * *
The orb spider pulsates with a strange energy.
The orb of destruction hits you!!!
You die...

.....................†^......
.............s.....†.[.......
......†......○°..............
....)^.......○....†.../......
...........s.○.s......###....
.......#^...°........^# ....
...)...#....○.........# ...
....####...○..........#
.####.......@....)....#
#....................#
##....................
#...##<........).....
##.###.....#...#..... ###
##..#.##..###.. ##^### #.. #.
### #^.


You could see a wolf spider and 2 orb spiders.

Vanquished Creatures
  A fire giant (D:15)
  2 entropy weavers (Lair:4)
  Nessos (D:13)
  A merfolk impaler (Shoals:1)
  The ghost of Itwaoref the Spear-Bearer, a journeyman MfFi of Okawaru (Lair:2)
  11 hydras
  Erica (D:9)
  A merfolk avatar (Shoals:1)
  3 catoblepae (Lair:6)
  An ogre mage (D:15)
  3 centaur warriors
  8 two-headed ogres
  A queen ant (Lair:3)
  Urug (Lair:6)
  6 death yaks (Lair:6)
  An orc high priest (Bailey)
  Sonja (D:13)
  3 sea snakes (Shoals:1)
  An unseen horror (D:12)
  6 orc knights
  A deep elf mage (D:10)
  3 wolf spiders (Spider:1)
  2 wolf spider zombies (D:15)
  4 manticores
  An orc sorcerer (Bailey)
  7 ugly things
  3 cyclopes
  Maurice (D:8)
  46 elephants
  2 black mambas
  2 torpor snails (Lair:3)
  8 spiny frogs
  2 gargoyles
  A water nymph (Shoals:1)
  3 kobold demonologists (D:15)
  2 efreet
  A freezing wraith (D:15)
  4 rime drakes
  8 komodo dragons
  4 merfolk (Shoals:1)
  Grinder (D:6)
  3 trolls
  A hornet (D:12)
  6 polar bears
  A harpy skeleton (D:15)
  2 jumping spiders (Spider:1)
  A wind drake (Shoals:1)
  3 slime creatures (D:12)
  2 snapping turtles (Shoals:1)
  6 hippogriffs
  A shadow (D:13)
  4 tarantellas (Spider:1)
  2 vampires (D:13)
  12 redbacks (Spider:1)
  A water elemental (Shoals:1)
  4 wraiths
  A spriggan (Lair:3)
  The ghost of Caerwyn the Shield-Bearer, an amateur GnFi (D:3)
  5 wyverns
  73 yaks
  4 vampire mosquitoes (D:13)
  3 basilisks
  16 humans (D:13)
  3 hungry ghosts
  13 wargs (D:7)
  Menkaure (D:6)
  13 water moccasins
  17 soldier ants (Lair:4)
  An acid dragon (D:15)
  13 porcupines
  Purgy (Sewer)
  A black bear (D:7)
  14 orc warriors
  6 ice beasts
  4 sky beasts
  2 necrophages
  A wolf (Lair:3)
  4 ogres
  5 centaurs
  9 crocodiles
  4 big kobolds
  11 bullfrogs
  Dowan (D:6)
  3 jellies
  A wyvern skeleton (D:13)
  6 scorpions
  A killer bee (D:13)
  11 wights
  A howler monkey (D:6)
  2 electric eels (Bailey)
  4 bullfrog zombies
  2 centaur zombies
  6 crimson imps
  6 bullfrog skeletons
  3 gnoll shamans
  11 orc priests
  2 hounds
  3 human zombies (Ossuary)
  3 centaur skeletons
  Terence (D:2)
  5 iguanas
  7 orc wizards
  21 worker ants
  A big kobold zombie (Ossuary)
  2 hound zombies (D:5)
  5 mummies (Ossuary)
  A worker ant zombie (D:5)
  A howler monkey zombie (D:6)
  18 gnolls
  10 adders
  A shadow imp (D:7)
  3 white imps (Lair:3)
  4 oozes
  An adder zombie (D:9)
  2 adder skeletons
  3 worms
  A dart slug (D:3)
  8 leopard geckos
  52 orcs
  3 ball pythons
  9 giant cockroaches
  9 goblins
  13 hobgoblins
  12 jackals
  4 quokkas
  5 bats
  8 frilled lizards
  A gnoll zombie (Ossuary)
  2 hobgoblin zombies (Ossuary)
  A jackal skeleton (D:4)
  11 kobolds
  A leopard gecko skeleton (D:6)
  2 quokka skeletons
  A quokka zombie (D:5)
  6 rats
736 creatures vanquished.

Vanquished Creatures (collateral kills)
  Sigmund (D:2)
  Duvessa (D:6)
  3 gnolls (D:3)
5 creatures vanquished.

Vanquished Creatures (others)
  A hydra (Lair:5)
  An orc knight (D:15)
  An ugly thing (D:15)
  A centaur skeleton (D:15)
  A jumping spider (Spider:1)
  A yak (Lair:6)
  2 orc warriors (D:15)
  A jelly (D:15)
  An orc (D:15)
  A bush (D:7)
  66 fungi
  26 plants
103 creatures vanquished.

Grand Total: 844 creatures vanquished

Notes
Turn   | Place    | Note
-------+----------+-------------------------------------------
     0 | D:1      | 2tousent the Draconian Transmuter began the quest for the
                  | Orb.
     0 | D:1      | Reached XP level 1. HP: 16/16 MP: 3/3
   294 | D:1      | Reached XP level 2. HP: 13/23 MP: 5/5
   407 | D:1      | Learned a level 2 spell: Sticks to Snakes
   510 | D:1      | You fall into a shaft and drop 1 floor!
   757 | D:2      | Noticed Sigmund
   784 | D:2      | Killed Sigmund
   784 | D:2      | Reached skill level 4 in Unarmed Combat
   784 | D:2      | Reached XP level 3. HP: 21/28 MP: 2/7
   784 | D:2      | Reached XP level 4. HP: 27/35 MP: 2/8
   977 | D:2      | Found a bloodstained altar of Trog.
  1312 | D:2      | Noticed Terence
  1318 | D:2      | Learned a level 3 spell: Spider Form
  1328 | D:2      | Killed Terence
  1328 | D:2      | Reached XP level 5. HP: 30/40 MP: 6/9
  2116 | D:3      | Identified the +5 halberd of the Skies Above {venom, rElec
                  | Int+3}
  2491 | D:3      | Noticed Caerwyn's ghost (amateur GnFi)
  2531 | D:3      | Found a transporter.
  2752 | D:3      | Found a transporter.
  3202 | D:4      | Reached XP level 6. HP: 40/47 MP: 10/10
  3203 | D:4      | You fall into a shaft and drop 2 floors!
  3215 | D:6      | Noticed Menkaure
  3224 | D:6      | Killed Menkaure
  3224 | D:6      | Reached skill level 5 in Unarmed Combat
  3265 | D:6      | Found a glowing golden altar of the Shining One.
  3265 | D:6      | Found a white marble altar of Elyvilon.
  3313 | D:6      | Found a sand-covered staircase.
  3322 | Ossuary  | Entered an ossuary
  3518 | Ossuary  | Reached skill level 5 in Transmutations
  3691 | Ossuary  | Your scales start taking on a rich purple colour.
  3691 | Ossuary  | Reached XP level 7. HP: 39/52 MP: 13/13
  4127 | D:6      | Reached skill level 6 in Unarmed Combat
  4148 | D:5      | Entered Level 5 of the Dungeon
  4173 | D:5      | Found a shattered altar of Ashenzari.
  4496 | D:5      | Found a glowing drain.
  4521 | Sewer    | Entered a sewer
  4670 | Sewer    | Noticed Purgy
  4686 | Sewer    | Killed Purgy
  4686 | Sewer    | Reached skill level 5 in Spellcasting
  4961 | Sewer    | Reached XP level 8. HP: 57/59 MP: 15/15
  5424 | D:4      | Found an ancient bone altar of Kikubaaqudgha.
  5558 | D:5      | Reached skill level 7 in Unarmed Combat
  5932 | D:6      | Noticed Grinder
  5934 | D:6      | Noticed Duvessa
  5944 | D:6      | Killed Duvessa
  5945 | D:6      | Killed Grinder
  5947 | D:6      | Noticed Dowan
  5961 | D:6      | Killed Dowan
  6329 | D:6      | Learned a level 5 spell: Blade Hands
  6630 | D:6      | Reached skill level 8 in Unarmed Combat
  6918 | D:7      | Found a blossoming altar of Fedhas.
  7013 | D:7      | Reached XP level 9. HP: 45/64 MP: 11/18
  7615 | D:7      | Reached skill level 9 in Unarmed Combat
  7765 | D:7      | Found a shadowy altar of Dithmenos.
  7772 | D:7      | Became a worshipper of Dithmenos the Shadowed
  7778 | D:7      | Found a staircase to the Ecumenical Temple.
  8215 | D:7      | Noticed an orc knight
  8594 | D:7      | Reached skill level 10 in Unarmed Combat
  8763 | D:3      | Killed Caerwyn's ghost
  8763 | D:3      | Reached XP level 10. HP: 37/71 MP: 7/19
  8775 | D:3      | Reached * piety under Dithmenos
  9196 | D:7      | Reached skill level 10 in Transmutations
  9536 | D:7      | Noticed an orc knight
  9574 | D:7      | Killed an orc knight
 10229 | D:8      | Noticed Psyche
 10234 | D:8      | Noticed Psyche
 10234 | D:8      | Psyche changed into Psyche the worm
 10239 | D:8      | Killed Psyche the worm
 10646 | D:7      | Killed an orc knight
 11154 | D:8      | Noticed Maurice
 11231 | D:8      | Killed Maurice
 11694 | D:9      | Reached skill level 5 in Fighting
 11791 | D:9      | Reached ** piety under Dithmenos
 12319 | D:9      | Noticed Erica
 12332 | D:9      | Killed Erica
 12332 | D:9      | Reached skill level 5 in Dodging
 12332 | D:9      | Reached XP level 11. HP: 87/87 MP: 17/20
 12479 | D:10     | Entered Level 10 of the Dungeon
 12708 | D:10     | Found a large runed translucent door.
 12708 | D:10     | Found a large runed translucent door.
 12713 | D:10     | Noticed a deep elf mage
 12726 | D:10     | Found a staircase to the Orcish Mines.
 12911 | D:10     | Found a large runed translucent door.
 12913 | D:10     | Found a large runed translucent door.
 12922 | D:10     | Noticed a two-headed ogre
 12937 | D:10     | Killed a two-headed ogre
 13255 | D:10     | Noticed a two-headed ogre
 13264 | D:10     | Killed a two-headed ogre
 13380 | D:10     | Noticed a two-headed ogre
 13387 | D:10     | Killed a two-headed ogre
 13627 | D:10     | Found a staircase to the Lair.
 13708 | D:10     | Killed a deep elf mage
 13798 | D:11     | Reached *** piety under Dithmenos
 14598 | D:11     | Found a burning altar of Makhleb.
 14598 | D:11     | Noticed a blizzard demon
 14833 | D:12     | Reached skill level 1 in Stealth
 14920 | D:12     | Reached XP level 12. HP: 74/103 MP: 21/21
 15318 | D:12     | Reached **** piety under Dithmenos
 15414 | D:12     | Paralysed by a hornet for 2 turns
 15637 | D:12     | Noticed a centaur warrior
 15652 | D:12     | Killed a centaur warrior
 16071 | D:13     | Found a flagged portal.
 16206 | Bailey   | Entered a bailey
 16258 | Bailey   | Found an iron altar of Okawaru.
 16258 | Bailey   | Noticed an orc high priest
 16269 | Bailey   | Killed an orc high priest
 16768 | Bailey   | Reached ***** piety under Dithmenos
 17048 | D:13     | Noticed a two-headed ogre
 17049 | D:13     | Found a gate to the Vaults.
 17061 | D:13     | Killed a two-headed ogre
 17061 | D:13     | Reached skill level 10 in Fighting
 17063 | D:13     | Noticed Nessos
 17078 | D:13     | Noticed a two-headed ogre
 17113 | D:13     | Killed a two-headed ogre
 17152 | D:13     | Killed Nessos
 17152 | D:13     | Reached skill level 10 in Dodging
 17152 | D:13     | Reached XP level 13. HP: 23/113 MP: 18/22
 17557 | D:13     | Reached skill level 1 in Invocations
 17926 | D:13     | Noticed Sonja
 17940 | D:13     | Killed Sonja
 18346 | D:13     | Reached skill level 5 in Stealth
 18617 | D:13     | Learned a level 4 spell: Ice Form
 18755 | Lair:1   | Entered Level 1 of the Lair of Beasts
 19974 | Lair:2   | You fall into a shaft and drop 2 floors!
 19981 | Lair:4   | Found a hole to the Spider Nest.
 20011 | Lair:4   | Found a staircase to the Shoals.
 20444 | Lair:4   | Reached skill level 5 in Invocations
 20446 | Lair:4   | Reached skill level 11 in Unarmed Combat
 21236 | Lair:3   | HP: 3/113 [elephant (13)]
 21237 | Lair:3   | HP: 1/113 [elephant (2)]
 21930 | Lair:3   | Reached XP level 14. HP: 78/121 MP: 16/23
 22493 | Lair:3   | Reached skill level 12 in Unarmed Combat
 22656 | Lair:2   | Found a large runed translucent door.
 22656 | Lair:2   | Found a large runed translucent door.
 22659 | Lair:2   | Noticed Itwaoref's ghost (journeyman MfFi)
 23322 | Lair:2   | Killed Itwaoref's ghost
 24207 | Lair:4   | Noticed an entropy weaver
 24218 | Lair:3   | Reached skill level 10 in Stealth
 24218 | Lair:3   | Reached skill level 13 in Unarmed Combat
 24839 | Lair:4   | Killed an entropy weaver
 25043 | Lair:4   | Noticed an entropy weaver
 25053 | Lair:4   | Killed an entropy weaver
 25707 | Lair:5   | Reached ****** piety under Dithmenos
 25872 | Lair:5   | Found a staircase to the Slime Pits.
 25888 | Lair:5   | You fall into a shaft and drop 1 floor!
 25888 | Lair:6   | Entered Level 6 of the Lair of Beasts
 25917 | Lair:6   | Reached skill level 14 in Unarmed Combat
 26254 | Lair:6   | Noticed Urug
 26266 | Lair:6   | Killed Urug
 26643 | Lair:5   | Reached XP level 15. HP: 73/126 MP: 22/24
 27828 | Lair:6   | Reached skill level 15 in Unarmed Combat
 28907 | Lair:6   | Reached skill level 16 in Unarmed Combat
 28976 | Lair:6   | Got a pair of dazzling gloves
 28986 | Lair:6   | Identified the +1 pair of gloves of Joy {Str+7 Int+2} (You
                  | found it on level 6 of the Lair of Beasts)
 29307 | D:14     | Found Xuidwari's Antique Artefacts.
 29328 | D:14     | Bought an ancient bone ring for 130 gold pieces
 29328 | D:14     | Bought a slimy copper amulet for 130 gold pieces
 29328 | D:14     | Bought a smoking bronze ring for 130 gold pieces
 29331 | D:14     | Identified the ring "Rybug" {rN+ MR+ Str+4 Int+4 Dex+3}
                  | (You bought it in a shop on level 14 of the Dungeon)
 29333 | D:14     | Identified the ring of Kaosirur {Int+3 Slay+5} (You bought
                  | it in a shop on level 14 of the Dungeon)
 29341 | D:14     | Identified the amulet "Juwkoufu" {Reflect rElec rF+ Str+4
                  | SH+3} (You bought it in a shop on level 14 of the Dungeon)
 29675 | D:14     | Found Pacodoph's Antique Weapon Shoppe.
 29896 | D:15     | Entered Level 15 of the Dungeon
 30282 | D:15     | Found a staircase to the Depths.
 30282 | D:15     | Noticed a fire giant
 30292 | D:15     | Killed a fire giant
 31230 | Shoals:1 | Entered Level 1 of the Shoals
 32344 | Spider:1 | Entered Level 1 of the Spider Nest
 32431 | Spider:1 | HP: 3/130 [disintegration (41)]
 32433 | Spider:1 | Blown up by an orb spider

Levels and vault maps discovered:
D:1:      dpeg_arrival_ternary, layout_basic
D:2:      layout_basic, bloody_trog, hangedman_decor_peaks_small, uniq_terence,
          uniq_sigmund
D:3:      layout_basic, first_ration, gammafunk_ghost_gnarly_gnolls
D:4:      layout_cave_pools, kiku_gazebo_pond_becter
D:5:      layout_cave_pools, kennysheep_mini, gup_sewer_entry_pipe
D:6:      layout_gridville, gammafunk_temple_overflow_elements,
          nicolae_ossuary_entry_ruins, uniq_menkaure, uniq_grinder, uniq_duvessa
D:7:      lemuel_castle_with_subvaults [lemuel_castle_interior_carwin_3],
          layout_basic, grunt_dithmenos_shadows, minmay_temple_entry_offerings,
          grunt_ogre_cave, fedhas_bush_and_centaur_altar
D:8:      layout_gridville, uniq_maurice, uniq_psyche
D:9:      layout_small_grid, uniq_erica
D:10:     layout_roguey, grunt_lair_entry_orc_guard_hut,
          minmay_hollow_rounded_squares
D:11:     layout_loops_ring, makhleb_altar_promises_db
D:12:     layout_cave_pods
D:13:     layout_loops_ring, david_vaults_3, enter_bailey_6,
          minmay_starry_boxes, uniq_sonja
D:14:     layout_loops_cross, serial_shops, shop, serial_park_square2,
          nicolae_antique_artefacts
D:15:     grunt_enter_depths_giant_problem, layout_loops_ring,
          ebering_dispersal_statue_hall, lemuel_flamethrower_2
Lair:1:   layout_regular_city
Lair:2:   layout_long_grid, ebering_ghost_disaster_area, beast_lair_carwin_6
Lair:3:   mu_elephants_graveyard, layout_long_grid, st_stairs_7, ice2_lemuel
Lair:4:   layout_small_grid, elwin_shoals_entry_rocks,
          spider_nest_entry_web_field, st_stairs_11, zaba_antful_of_joy,
          grunt_megastairs_3
Lair:5:   layout_long_grid, nicolae_slime_entry_slimehenge
Lair:6:   evilmike_catoblepas_cave, layout_regular_city, gauntlet_entry_generic,
          uniq_urug
Shoals:1: layout_shoals, gammafunk_ghost_arena, uniq_kirke, uniq_roxanne
Spider:1: layout_spider_delve

Skill      XL: |  1  2  3  4  5  6  7  8  9 10 11 12 13 14 15 |
---------------+----------------------------------------------+-----
Unarmed Combat | 4 5 6 8 10 11 14 16 | 16.0
Transmutations | 3 4 5 6 7 9 11 12 13 | 13.0
Spellcasting   | 3 4 5 6 |  6.0
Fighting       | 5 8 10 11 | 11.4
Dodging        | 5 7 10 11 | 11.0
Stealth        | 1 4 7 10 | 10.0
Invocations    | 6 8 |  8.3

Action                   |  1- 3 |  4- 6 |  7- 9 | 10-12 | 13-15 || total
-------------------------+-------+-------+-------+-------+-------++-------
Melee: Unarmed           |    71 |   219 |   439 |   732 |   980 ||  2441
       Tailslap          |     5 |    17 |    32 |    77 |   138 ||   269
       Punch             |       |     5 |     7 |    22 |    63 ||    97
       Kick              |       |     8 |       |       |       ||     8
       Staff             |       |       |       |       |    35 ||    35
 Cast: Beastly Appendage |     2 |     4 |       |       |       ||     6
       Sticks to Snakes  |     2 |       |     7 |     9 |     3 ||    21
       Spider Form       |       |     3 |    21 |    19 |     2 ||    45
       Blade Hands       |       |       |     8 |    39 |   104 ||   151
       Ice Form          |       |       |       |       |    11 ||    11
Invok: Shadow Step       |       |       |       |     1 |    11 ||    12
 Abil: Breathe Dispellin |       |       |     4 |     8 |     2 ||    14
Evoke: Wand              |       |       |       |     6 |    13 ||    19
       Lightning rod     |       |       |       |       |     1 ||     1
  Use: Scroll            |       |    15 |     9 |     6 |    11 ||    41
       Potion            |       |     2 |     3 |     3 |     7 ||    15
 Stab: Sleeping          |       |       |     3 |     4 |    32 ||    39
       Distracted        |       |       |       |       |     5 ||     5
       Paralysed         |       |       |       |       |     1 ||     1
       Petrified         |       |       |       |       |     3 ||     3
       Petrifying        |       |       |       |       |     1 ||     1
  Eat: Chunk             |       |     8 |    15 |    30 |    49 ||   102
       Ration            |       |       |     2 |     5 |    10 ||    17
Armor: Skin              |    27 |    57 |    96 |    71 |   162 ||   413
Dodge: Dodged            |    49 |   134 |   344 |   589 |  1014 ||  2130
Block: Other             |       |       |       |       |    15 ||    15
       Reflection        |       |       |       |       |     2 ||     2

Table legend:
 A = Non-vault XP
 B = Vault XP
 C = Vault XP percentage of total XP
 D = Non-vault monster count
 E = Vault monster count
 F = Vault count percentage of total count
                 A         B        C        D         E       F
            +---------+---------+-------+---------+---------+-------
      Total |   95271 |   57391 |  37.6 |     463 |     279 |  37.6
            +---------+---------+-------+---------+---------+-------
        D:1 |      27 |       0 |   0.0 |      16 |       0 |   0.0
        D:2 |      26 |     168 |  86.6 |      16 |       2 |  11.1
        D:3 |     141 |     328 |  69.9 |      23 |      10 |  30.3
        D:4 |     226 |       0 |   0.0 |      20 |       0 |   0.0
        D:5 |     437 |      19 |   4.2 |      21 |       8 |  27.6
        D:6 |     608 |     581 |  48.9 |      15 |       4 |  21.1
        D:7 |     487 |    4576 |  90.4 |      11 |      51 |  82.3
        D:8 |     643 |     513 |  44.4 |      10 |       2 |  16.7
        D:9 |     874 |     944 |  51.9 |      18 |       1 |   5.3
       D:10 |    2335 |    3725 |  61.5 |      16 |      15 |  48.4
       D:11 |    2703 |       0 |   0.0 |      19 |       0 |   0.0
       D:12 |    7308 |       0 |   0.0 |      34 |       0 |   0.0
       D:13 |    5534 |    7897 |  58.8 |      15 |      27 |  64.3
       D:14 |    2716 |       0 |   0.0 |      13 |       0 |   0.0
       D:15 |   10820 |    1795 |  14.2 |      28 |       1 |   3.4
     Lair:1 |    2649 |       0 |   0.0 |      12 |       0 |   0.0
     Lair:2 |    4600 |    2908 |  38.7 |      17 |       9 |  34.6
     Lair:3 |   13118 |   10051 |  43.4 |      44 |      28 |  38.9
     Lair:4 |    5576 |    7134 |  56.1 |      17 |      34 |  66.7
     Lair:5 |    9911 |      63 |   0.6 |      28 |       4 |  12.5
     Lair:6 |   11864 |   11903 |  50.1 |      34 |      23 |  40.4
   Shoals:1 |    7011 |       0 |   0.0 |      15 |       0 |   0.0
   Spider:1 |    5657 |       0 |   0.0 |      21 |       0 |   0.0
      Sewer |       0 |     238 | 100.0 |       0 |       6 | 100.0
    Ossuary |       0 |     298 | 100.0 |       0 |      13 | 100.0
     Bailey |       0 |    4250 | 100.0 |       0 |      41 | 100.0
            +---------+---------+-------+---------+---------+-------
